 Dungeon Crawl Stone Soup version 0.28.0-43-g3370ac3207 (webtiles) character file.

Game seed: 5666720265256093176

2198 pkoi the Zephyrmancer (level 9, -5/51 HPs)
             Began as an Octopode Air Elementalist on Mar 16, 2022.
             Was a Follower of Sif Muna.
             Shot with an arrow by a centaur (10 damage)
             ... on level 7 of the Dungeon.
             The game lasted 00:10:34 (9684 turns).

pkoi the Zephyrmancer (Octopode Air Elementalist)   Turns: 9684, Time: 00:10:34

Health: -5/51      AC:  1    Str: 11    XL:     9   Next: 34%
Magic:  7/34       EV: 13    Int: 21    God:    Sif Muna [*.....]
Gold:   371        SH:  0    Dex: 12    Spells: 7/17 levels left

rFire   . . .      SeeInvis .   q - +0 halberd (venom)
rCold   . . .      Faith    .   (shield currently unavailable)
rNeg    . . .      Spirit   .   (helmet restricted)
rPois   .          Reflect  .   (no amulet)
rElec   .          Harm     .   s - ring of magical power
rCorr   +          Rampage  .   o - ring of the Exiled Demons {Will++ rCorr MP+9 Str+3 Slay-6}
Will    ++...                   (no ring)
Stlth   +++.......              (no ring)
HPRegen 0.17/turn               (no ring)
MPRegen 0.24/turn               (no ring)
                                (no ring)
                                (no ring)

@: studying Short Blades
A: almost no armour, amphibious, 8 rings, camouflage 1, gelatinous body 1,
(nimble swimmer 1), tentacles
a: Renounce Religion, Channel Magic


You were on level 7 of the Dungeon.
You worshipped Sif Muna.
Sif Muna was aware of your devotion.
You visited 2 branches of the dungeon, and saw 8 of its levels.

You collected 371 gold pieces.

Inventory:

Hand Weapons
 a - a +0 short sword
 c - a +0 dagger
 k - a +0 vampiric scimitar
 q - a +0 halberd of venom (weapon)
Missiles
 v - 5 poisoned darts
Magical Staves
 g - a staff of cold
 i - a staff of poison
Jewellery
 h - a ring of ice
 o - the ring of the Exiled Demons (right tentacle) {Will++ rCorr MP+9 Str+3 Slay-6}
   (You found it on level 4 of the Dungeon)

   [ring of resist corrosion]

   Str:       It affects your strength (+3).
   Slay:      It affects your accuracy & damage with ranged weapons and melee
   (-6).
   MP:        It affects your magic capacity (+9).
   rCorr:     It protects you from acid and corrosion.
   Will:      It greatly increases your willpower.
 s - a ring of magical power (left tentacle)
 z - an amulet of faith
Wands
 w - a wand of iceblast (13)
 C - a wand of flame (24)
 E - a wand of digging (8)
Scrolls
 b - 2 scrolls of noise {unknown}
 d - 4 scrolls of identify {unknown}
 f - 2 scrolls of teleportation {unknown}
 j - a scroll of torment {unknown}
 m - a scroll of silence {unknown}
 n - a scroll of blinking {unknown}
 t - a scroll of fear {unknown}
 u - a scroll of amnesia {unknown}
 x - a scroll of enchant weapon {unknown}
 y - a scroll of enchant armour {unknown}
Potions
 e - 2 potions of attraction {unknown}
 l - 3 potions of brilliance {unknown}
 p - a potion of curing {unknown}
 r - 2 potions of cancellation {unknown}
 A - a potion of mutation {unknown}
 B - 2 potions of heal wounds {unknown}
 D - a potion of degeneration {unknown}


   Skills:
 - Level 2.0 Dodging
 - Level 2.6 Stealth
 + Level 4.9 Spellcasting
 + Level 1.9 Conjurations
 * Level 11.3 Air Magic


You had 7 spell levels left.
You knew the following spells:

 Your Spells              Type           Power      Damage    Failure   Level
a - Shock                 Conj/Air       100%       1d9       1%          1
b - Swiftness             Air            51%        N/A       1%          3
c - Static Discharge      Conj/Air       33%        N/A       1%          2
d - Airstrike             Air            25%        N/A       1%          4

Your spell library contained the following spells:

 Spells                   Type           Power      Damage    Failure   Level
 Animate Skeleton         Necr           10%        N/A       11%         1
 Pain                     Necr           20%        1d5       11%         1
 Vampiric Draining        Necr           5%         2d6       32%         3
 Manifold Assault         Tloc           5%         N/A       97%         5
 Iron Shot                Conj/Erth      4%         9d2       100%        6
 Shatter                  Erth           2%         3d6*      100%        9


Dungeon Overview and Level Annotations

Branches:
Dungeon (7/15)             Temple (1/1) D:4

Altars:
Ashenzari
Dithmenos
Elyvilon
Fedhas
Gozag
Hepliaklqana
Kikubaaqudgha
Makhleb
Nemelex Xobeh
Ru
Sif Muna
Uskayaw
Vehumet
Wu Jian
Xom
Yredelemnul
Zin
The Shining One

Annotations:
D:4 2 transporters


Innate Abilities, Weirdness & Mutations

You cannot wear most types of armour.
You are amphibious.
You can wear up to eight rings at the same time.
Your skin changes colour to match your surroundings (Stealth+).
Your rubbery body absorbs attacks. (AC +1, EV +1)
((You are camouflaged when in or above water. (Stealth+)))
You have tentacles for arms and can constrict up to eight enemies at once.


Message History

A necrophage comes into view.
The air twists around and strikes the iguana!
You kill the iguana!
Sif Muna accepts your kill.
The air twists around and strikes the wight!
The wight is heavily damaged.
The air twists around and strikes the wight!!
You destroy the wight!
Sif Muna accepts your kill.
A water moccasin zombie comes into view.
The air twists around and strikes the necrophage!
The necrophage is heavily damaged.
You hear a shout! x2
The air twists around and strikes the necrophage!
You destroy the necrophage!
Sif Muna accepts your kill.
A centaur comes into view. It is wielding a +0 war axe.
The air twists around and strikes the water moccasin zombie!
The water moccasin zombie is moderately damaged.
The centaur unwields a +0 war axe.
The centaur wields a +0 shortbow.
The centaur shoots an arrow.
The arrow hits you!
* * * LOW HITPOINT WARNING * * *
An orc comes into view. It is wielding a +0 whip.
You are too injured to fight recklessly!
Unknown command.
The centaur shoots an arrow.
The arrow hits you!
* * * LOW HITPOINT WARNING * * *
The centaur shoots an arrow.
The arrow hits you!
* * * LOW HITPOINT WARNING * * *
You hear a shout!
The centaur shoots an arrow.
The arrow misses you.
The centaur shoots an arrow.
The arrow hits you!
* * * LOW HITPOINT WARNING * * *
Aiming: Airstrike (dangerous; 1% risk of failure)
Press: ? - help, Q - select action, (/) - cycle Dir - move target, f - centaur, p - water moccasin zombie
Aim: a centaur, wielding a +0 shortbow, wearing an amulet of guardian spirit and quivering arrows (empty space bonus: 2/8)
The air twists around and strikes the centaur!
The centaur is heavily wounded.
The centaur shoots an arrow.
The arrow hits you!
You die...

#. #. #. ######### #.
#.Zc....# #. #Z##.##.## #.
########.#......########
#.
#.o.c..c.###..###......#
##
#...###.####....@.######.#
# #.#.# #....##.##.## #)#
# #.... ######......# #)#
# ...†# #.####.# #.# #
##... #......# #.# # #.##
##.##.#######.# #### .c
#......#....#.# #...
###..###...##.# #...
#......#.####.#####.<.


You could see a centaur and a water moccasin zombie.

Vanquished Creatures
  Edmund (D:6)
  A black bear (D:5)
  An ice beast (D:7)
  2 necrophages
  A sky beast (D:6)
  2 ogres (D:4)
  4 centaurs (D:5)
  2 phantoms
  Blork the orc (D:6)
  5 scorpions (D:6)
  A wight (D:7)
  A howler monkey (D:7)
  3 jellies
  A hound (D:6)
  An orc priest (D:7)
  A bullfrog skeleton (D:6)
  A gnoll shaman (D:4)
  5 iguanas
  5 gnolls (D:4)
  9 adders
  A shadow imp (D:5)
  2 ufetubi (D:6)
  2 adder skeletons
  4 worms
  2 dart slugs
  5 orcs
  6 bats
  4 endoplasms
  2 giant cockroaches
  5 hobgoblins
  7 jackals (D:1)
  6 kobolds
  3 quokkas
  8 ball pythons
  4 frilled lizards
  2 goblins
  9 rats
120 creatures vanquished.

Notes
Turn   | Place    | Note
-------+----------+-------------------------------------------
     0 | D:1      | pkoi the Octopode Air Elementalist began the quest for the
                  | Orb.
     0 | D:1      | Reached XP level 1. HP: 11/11 MP: 3/3
     0 | D:1      | Noticed a merfolk zombie
     3 | D:1      | Noticed a demonspawn zombie
     3 | D:1      | Noticed a minotaur zombie
     8 | D:1      | Noticed a demonspawn zombie
    11 | D:1      | Noticed a merfolk zombie
    14 | D:1      | Noticed a demonspawn zombie
   279 | D:1      | Reached XP level 2. HP: 17/17 MP: 0/5
   372 | D:1      | Found a faded altar of an unknown god.
   768 | D:1      | Reached skill level 4 in Air Magic
   871 | D:1      | Reached XP level 3. HP: 21/21 MP: 2/6
   912 | D:1      | Learned a level 3 spell: Swiftness
  1768 | D:2      | Reached XP level 4. HP: 27/27 MP: 2/7
  2517 | D:2      | Reached skill level 5 in Air Magic
  3126 | D:3      | Found a shimmering blue altar of Sif Muna.
  3131 | D:3      | Became a worshipper of Sif Muna the Loreminder
  3704 | D:4      | Noticed an ogre
  3988 | D:4      | Found a transporter.
  3989 | D:4      | Found a transporter.
  4068 | D:4      | Identified the ring of the Exiled Demons {Will++ rCorr MP+9
                  | Str+3 Slay-6}
  4068 | D:4      | Noticed an ogre
  4076 | D:4      | Learned a level 2 spell: Static Discharge
  4131 | D:4      | Got the Volume of the Hawk
  4149 | D:4      | Reached XP level 5. HP: 20/31 MP: 2/8
  4429 | D:4      | Noticed an ogre
  4436 | D:4      | Reached skill level 6 in Air Magic
  4624 | D:4      | Found a sparkling altar of Nemelex Xobeh.
  4624 | D:4      | Found a hide-covered altar of Uskayaw.
  4992 | D:4      | Found a staircase to the Ecumenical Temple.
  4999 | Temple   | Entered the Ecumenical Temple
  5334 | D:5      | Entered Level 5 of the Dungeon
  5341 | D:5      | Noticed a centaur
  5341 | D:5      | Noticed a centaur
  5368 | D:5      | Noticed a necrophage
  5390 | D:4      | Killed a necrophage
  5391 | D:4      | Reached skill level 7 in Air Magic
  5391 | D:4      | Reached XP level 6. HP: 4/36 MP: 0/9
  5947 | D:4      | Reached XP level 7. HP: 41/41 MP: 2/10
  6017 | D:4      | Learned a level 4 spell: Airstrike
  6046 | D:4      | Reached skill level 8 in Air Magic
  6129 | D:5      | Reached * piety under Sif Muna
  6840 | D:5      | Reached skill level 9 in Air Magic
  6906 | D:5      | Reached XP level 8. HP: 26/46 MP: 11/11
  7072 | D:5      | Found a glowing silver altar of Zin.
  8054 | D:6      | Reached skill level 10 in Air Magic
  8710 | D:6      | Noticed Edmund
  8715 | D:6      | Killed Edmund
  8866 | D:6      | Reached XP level 9. HP: 51/51 MP: 15/15
  8916 | D:6      | Noticed Blork the orc
  8919 | D:6      | Killed Blork the orc
  9106 | D:6      | Reached skill level 11 in Air Magic
  9586 | D:7      | Found a white marble altar of Elyvilon.
  9684 | D:7      | Shot with an arrow by a centaur

Illustrated notes

Levels and vault maps discovered:
D:1:      shiori_arrival_whats_in_store_for_you, layout_basic,
          shapermc_ecumenical_altar_totnotflames
D:2:      layout_rooms, minmay_misc_feat_encased, minmay_pentomino_s4
D:3:      layout_rooms, nicolae_sif_muna_little_library
D:4:      gammafunk_wand_slinger, layout_loops_corners, jmf_multi_god_temple,
          minmay_temple_entry_overgrown
D:5:      layout_basic, lemuel_round_altar, kennysheep_path_1,
          serial_park_tiny_1, eino_curves_04, minmay_manual_mares
D:6:      layout_rooms, st_stairs_11, uniq_blork_the_orc, uniq_edmund
D:7:      gammafunk_beogh_shrine, layout_rooms, mainiacjoe_overflow_alcove_1,
          minmay_misc_feat_alley, minmay_fractal_squares_5
Temple:   oiseaux_autumnal_temple

Skill      XL: |  1  2  3  4  5  6  7  8  9 |
---------------+----------------------------+-----
Air Magic      | 4 5 7 9 10 11 | 11.3
Spellcasting   | 4 |  4.9
Dodging        | |  2.0
Stealth        | |  2.6
Conjurations   | |  1.9

Action                   |  1- 3 |  4- 6 |  7- 9 || total
-------------------------+-------+-------+-------++-------
Melee: Short sword       |    15 |     3 |       ||    18
       Tentacles         |     5 |     3 |       ||     8
       Constrict         |     3 |     5 |       ||     8
       Scimitar          |       |     5 |       ||     5
       Halberd           |       |     3 |     3 ||     6
 Cast: Shock             |    71 |   121 |    17 ||   209
       Static Discharge  |       |     3 |       ||     3
       Airstrike         |       |       |    70 ||    70
 Stab: Sleeping          |       |       |     1 ||     1
Armor: Skin              |     2 |     3 |       ||     5
Dodge: Dodged            |    18 |    24 |    15 ||    57
